kitehack, chaotic female elven Ranger ---- ----- ------..| |...--- |...|...---.^...| -....|.........| |..----......--- --- --....|.| --.<..-|.| --....--|.| ----.....| |.| |...--...- |.| --...---.|.||.| ----........|--|.| --.|.....-.------.| |..........|-.|...| - ----------...--....-|....--- |.)...(('@.d..........||....| -- ------------------.||...-- -----..| ---- kitehack the Lookout Experience level: 4 Strength: 15 Dexterity: 11 Constitution: 14 Intelligence: 14 Wisdom: 14 Charisma: 8 Health: 0(28) Energy: 25(25) Def: 6 Gold: 376 Moves: 1195 Dungeon seed: lnBQRGJR1F3OamPf Game ID: kitehack_1481313121 Your Inventory: Coins $ - 376 gold pieces Weapons a - an uncursed +1 elven dagger (weapon in hand) b - an uncursed +1 elven bow (alternate weapon; not wielded) c - 57 uncursed +2 elven arrows (in quiver) d - 31 uncursed +0 elven arrows E - an uncursed +0 dagger named noncursed G - 5 uncursed +0 darts H - 9 uncursed +0 arrows I - an uncursed +0 dagger K - a cursed -1 dagger Armor e - an uncursed +2 elven cloak (being worn) q - an uncursed +0 orcish helm (being worn) z - a blessed +0 dwarvish cloak F - an uncursed +0 pair of iron shoes (being worn) N - an uncursed +0 dwarvish cloak Y - an uncursed +0 dwarvish cloak Comestibles f - 4 uncursed lembas wafers i - an uncursed tin of kobold meat j - 3 uncursed food rations l - 2 uncursed tripe rations t - an uncursed tin of jackal meat B - an uncursed fortune cookie Scrolls x - an uncursed scroll of fire D - a cursed scroll of teleportation Potions u - an uncursed potion of object detection Tools r - an uncursed leash (in use) v - an uncursed tin opener A - 2 uncursed tallow candles (0:200) C - an uncursed +0 pick-axe Gems n - an uncursed worthless piece of blue glass y - 2 uncursed worthless pieces of yellowish brown glass J - an uncursed worthless piece of orange glass Spells and supernatural/magical abilities: Name Level Category Fail Memory W - pray for help -- divine ? -- Your skills at the end: Fighting Skills Weapon Skills dagger [Basic] bow [Basic] Spellcasting Skills Final Attributes: You were piously aligned. You were sleep resistant. You had automatic searching. You had infravision. You were stealthy. You are dead. Vanquished creatures: a gnome lord a gnomish wizard 3 dwarves a giant bat a hobbit 12 gnomes a gecko 2 jackals a fox a goblin 3 sewer rats 2 grid bugs 2 lichens a kobold zombie 2 newts 34 creatures vanquished. Voluntary challenges: You were an atheist. You used a wielded weapon 39 times, starting on turn 74. You were illiterate. You never genocided any monsters. You never polymorphed an object. You never changed form. You used no wishes. You never split a pudding. You never wrote Elbereth's name. You never violated your personal moral code. Dungeon overview: The Dungeons of Doom: levels 1 to 4 Level 1 a long staircase Level 2 Level 3 a fountain stairs to The Gnomish Mines Level 4 The Gnomish Mines: levels 4 to 5 Level 4 stairs to The Dungeons of Doom Level 5 <- You were here History has recorded: On T:1 you entered the Dungeons of Doom to retrieve the Amulet of Yendor! On T:131 you reached level 2 of The Dungeons of Doom. On T:383 you reached level 3 of The Dungeons of Doom. On T:617 you reached level 4 of The Dungeons of Doom. On T:649 you advanced to experience level 2. On T:853 you reached level 1 of The Gnomish Mines. On T:903 you reached level 2 of The Gnomish Mines. On T:910 you advanced to experience level 3. On T:993 you advanced to experience level 4. Score breakdown: Gold: 376 ( 8763 points) Experience: 4 levels ( 9649 points) Exploration: 5 levels ( 10.20%) ( 8660 points) Discoveries: 3 items ( 1.03%) ( 3051 points) Valuables value: (no points given unless you survive) Artifact value: 0 ( 0 points) Variety of kills: 15 monsters ( 3.94%) ( 5952 points) Turncount: 1195 turns ( 0 points) Survival: died (score multiplied by 80%) Total score: 28860 Latest messages: The 1st elven arrow hits the giant bat! You kill the giant bat! c - an uncursed +2 elven arrow (in quiver). (2x) You are now wielding your elven dagger. b - an uncursed +1 elven bow (alternate weapon; not wielded). Pick an object. A straw golem on candles on the floor of a room. The straw golem hits! The straw golem misses. You hit the straw golem. The straw golem hits! (2x) You hit the straw golem. The straw golem hits! (2x) You hit the straw golem. The straw golem hits! (2x) You hit the straw golem. The straw golem hits! (2x) You miss the straw golem. The straw golem misses. The straw golem hits! You die... Final status: Goodbye kitehack the Ranger, killed by a straw golem... You died in The Gnomish Mines on dungeon level 5 with 28860 points, and 376 pieces of gold, after 1195 moves. You were level 4 with a maximum of 28 hit points when you died.